 Dungeon Crawl Stone Soup version 0.27.1-2-g3b301248ec (webtiles) character file.

Game seed: 7150115980870090722

345 Descartes the Ruffian (level 6, -4/59 HPs)
             Began as a Troll Chaos Knight on Oct 5, 2021.
             Was a Plaything of Xom.
             Succumbed to a water moccasin's poison
             ... on level 4 of the Dungeon.
             The game lasted 00:03:53 (2107 turns).

Descartes the Ruffian (Troll Chaos Knight)          Turns: 2107, Time: 00:03:54

Health: -4/59      AC:  6    Str: 21    XL:     6   Next: 32%
Magic:  5/5        EV: 10    Int: 10    God:    Xom [.*....]
Gold:   156        SH:  0    Dex:  9    Spells: 5/5 levels left

rFire    . . .     SeeInvis .     - Unarmed
rCold    . . .     Faith    .   (no shield)
rNeg     . . .     Spirit   .   a - +2 robe
rPois    .         Reflect  .   (helmet restricted)
rElec    .         Harm     .   (no cloak)
rCorr    .         Rampage  .   (gloves unavailable)
Will     .....                  (boots unavailable)
Stlth    +.........             (no amulet)
HPRegen  1.19/turn              l - ring of wizardry
MPRegen  0.09/turn              p - ring of flight

@: lethally poisoned (-4 -> -27), attractive, flying
A: large, unfitting armour, claws 3, regeneration 1, shaggy fur 1, tough skin 1
a: Renounce Religion


You were on level 4 of the Dungeon.
You worshipped Xom.
You were a plaything of Xom.
You visited 1 branch of the dungeon, and saw 4 of its levels.

You collected 156 gold pieces.

Inventory:

Hand Weapons
 k - a +0 dagger of venom
Missiles
 f - 112 stones (quivered)
 h - 45 arrows
 i - 20 sling bullets
 m - 6 javelins
Armour
 a - a +2 robe (worn)
Jewellery
 l - a ring of wizardry (left claw)
 p - a ring of flight (right claw)
Wands
 t - a wand of acid (7)
Scrolls
 b - 3 scrolls of amnesia {unknown}
 c - a scroll of vulnerability {unknown}
 e - 2 scrolls of silence {unknown}
 g - 2 scrolls of identify {unknown}
 o - a scroll of blinking {unknown}
 q - a scroll of brand weapon {unknown}
 s - a scroll of enchant weapon {unknown}
 u - 2 scrolls of immolation {unknown}
 v - a scroll of teleportation {unknown}
 w - 3 scrolls of magic mapping {unknown}
 x - a scroll of fear {unknown}
Potions
 d - a potion of curing {unknown}
 j - a potion of attraction
 n - a potion of mutation {unknown}
 r - 2 potions of brilliance {unknown}
 z - a potion of heal wounds {unknown}


   Skills:
 - Level 2.4 Fighting
 + Level 2.3 Throwing
 + Level 3.0 Dodging
 + Level 4.1 Unarmed Combat
 + Level 1.8 Transmutations
 + Level 1.9 Evocations


You had 5 spell levels left.
You didn't know any spells.
Your spell library contained the following spells:

 Spells                   Type           Power      Damage    Failure   Level
 Stone Arrow              Conj/Erth      0%         3d7       41%         3
 Bolt of Magma            Conj/Fire/Erth 0%         4d4       98%         5
 Shatter                  Erth           0%         3d5*      100%        9


Dungeon Overview and Level Annotations

Branches:
Dungeon (4/15)
 Temple: D:4-7

Altars:

Shops:
D:1 [


Innate Abilities, Weirdness & Mutations

You are too large for most types of armour.
You have claws for hands.
Your natural rate of healing is unusually fast.
You are covered in fur. (AC +1)
You have tough skin. (AC +1)


Message History

The water moccasin bites you but does no damage.
You are too injured to fight recklessly!
You are too injured to fight recklessly!
You are too injured to fight recklessly!
You are too injured to fight recklessly!
You are too injured to fight recklessly!
You are too injured to fight recklessly!
You are too injured to fight recklessly!
You are too injured to fight recklessly!
You are too injured to fight recklessly!
You are too injured to fight recklessly!
You are too injured to fight recklessly!
You closely miss the water moccasin.
The water moccasin is moderately wounded.
You feel very sick. The water moccasin misses you.
You barely miss the water moccasin.
The water moccasin is moderately wounded.
You feel very sick. The water moccasin closely misses you.
The water moccasin bites you.
You are lethally poisoned!
The water moccasin poisons you!
You scratch the water moccasin.
The water moccasin is moderately wounded.
* * * LOW HITPOINT WARNING * * *
You feel extremely sick. The water moccasin barely misses you.
You scratch the water moccasin.
The water moccasin is heavily wounded.
* * * LOW HITPOINT WARNING * * *
You feel very sick. The water moccasin bites you.
* * * LOW HITPOINT WARNING * * *
You are more poisoned.
The water moccasin poisons you!
It was a potion of attraction.
You feel attractive to monsters.
Xom is amused.
You die...
Xom howls with laughter!

########### #.........#
#.........# #.........#
#........># #.........#
# #########.........#
##
#....S@...######.#####.
#.........# #...##..
#.........# ###.##.#
#.........# #.....
#.........# ###..#
#.........# #.##
####.....)# ...##
#......# #.##### .. #.


You could see a water moccasin.

Vanquished Creatures
  A phantom (D:4)
  A scorpion (D:3)
  A jelly (D:4)
  A centaur skeleton (D:4)
  Jessica (D:3)
  A hound skeleton (D:4)
  Robin (D:4)
  2 adders (D:2)
  A worm (D:4)
  An orc (D:4)
  6 ball pythons
  8 endoplasms
  A giant cockroach (D:2)
  12 goblins
  4 hobgoblins
  7 jackals
  10 kobolds
  3 quokkas
  7 bats
  4 frilled lizards
  9 rats
82 creatures vanquished.

Notes
Turn   | Place    | Note
-------+----------+-------------------------------------------
     0 | D:1      | Descartes the Troll Chaos Knight began the quest for the
                  | Orb.
     0 | D:1      | Reached XP level 1. HP: 22/22 MP: 0/0
     5 | D:1      | XOM: silly message
    76 | D:1      | Reached XP level 2. HP: 20/29 MP: 1/1
   176 | D:1      | Found Zehem's Antique Armour Shoppe.
   225 | D:1      | Found a faded altar of an unknown god.
   514 | D:2      | Reached XP level 3. HP: 36/36 MP: 2/2
   594 | D:2      | XOM: divination: detect items
   601 | D:2      | Reached skill level 1 in Throwing
   615 | D:2      | XOM: silly message
   685 | D:2      | XOM: enchant monster (bad)
   712 | D:2      | XOM: silly message
   875 | D:2      | Reached skill level 1 in Evocations
  1370 | D:3      | Reached XP level 4. HP: 44/44 MP: 3/3
  1417 | D:3      | Reached skill level 1 in Transmutations
  1496 | D:3      | Noticed Jessica
  1498 | D:3      | Killed Jessica
  1643 | D:3      | Noticed a scorpion
  1648 | D:3      | Killed a scorpion
  1649 | D:3      | Reached XP level 5. HP: 35/50 MP: 4/4
  1765 | D:3      | XOM is BORED!
  1901 | D:4      | Noticed Robin
  1911 | D:4      | Killed Robin
  2018 | D:4      | XOM: silly message
  2040 | D:4      | Noticed a phantom
  2049 | D:4      | Killed a phantom
  2050 | D:4      | Reached skill level 4 in Unarmed Combat
  2050 | D:4      | Reached XP level 6. HP: 51/59 MP: 5/5
  2091 | D:4      | Noticed a water moccasin
  2107 | D:4      | Succumbed to a water moccasin's poison

Illustrated notes

Levels and vault maps discovered:
D:1:      minmay_arrival_three_doors, layout_rooms, serial_shops,
          nicolae_shop_overgrown_old_shop,
          hellmonk_ecumenical_altar_inner_sanctum, minmay_misc_feat_cross
D:2:      minmay_evil_eye, layout_loops_corners
D:3:      layout_basic, uniq_jessica
D:4:      layout_rooms, minitemple, kennysheep_small_circle, uniq_robin

Skill      XL: |  1  2  3  4  5 |
---------------+----------------+-----
Dodging        | 2 3 |  3.0
Throwing       | 1 2 |  2.3
Evocations     | 1 |  1.9
Transmutations | 1 |  1.8
Unarmed Combat | 4 |  4.1
Fighting       | |  2.4

Action                   |  1- 3 |  4- 6 || total
-------------------------+-------+-------++-------
Melee: Unarmed           |   153 |   100 ||   253
       Punch             |       |     2 ||     2
  Use: Potion            |       |     1 ||     1
 Stab: Sleeping          |     2 |       ||     2
Armor: Robe              |    70 |    52 ||   122
Dodge: Dodged            |    92 |    70 ||   162
